 Dungeon Crawl Stone Soup version 0.28-a0-1234-g826d19b2e0 (webtiles) character file.

Game seed: 8366211923923180790

4381 anonymouscript the Carver (level 10, -2/82 HPs)
             Began as a Gnoll Cinder Acolyte on Dec 23, 2021.
             Was a Priest of Ignis.
             Slain by an orc warrior (16 damage)
             ... on level 9 of the Dungeon.
             The game lasted 00:49:52 (9494 turns).

anonymouscript the Carver (Gnoll Cinder Acolyte)    Turns: 9494, Time: 00:49:53

Health: -2/82      AC: 11    Str: 14    XL:     10   Next: 35%
Magic:  19/19      EV:  8    Int: 14    God:    Ignis [***...]
Gold:   286        SH:  9    Dex: 11    Spells: 17/21 levels left

rFire   + . .      SeeInvis .   S - +4 spear (vorpal)
rCold   . . .      Faith    .   T - +0 kite shield
rNeg    . . .      Spirit   .   c - +0 scale mail
rPois   .          Reflect  .   (no helmet)
rElec   .          Harm     .   (no cloak)
rCorr   .          Rampage  .   p - +2 pair of gloves
Will    .....                   u - +0 pair of boots
Stlth   +.........              B - amulet of magic regeneration
HPRegen 0.23/turn               (no ring)
MPRegen 0.56/turn               (no ring)

@: no status effects
A: fangs 1, strong nose, distributed training
a: Renounce Religion, Fiery Armour, Foxfire Swarm


You were on level 9 of the Dungeon.
You worshipped Ignis.
Ignis was most pleased with you.
You visited 2 branches of the dungeon, and saw 10 of its levels.
You also visited: Ossuary.

You collected 376 gold pieces.
You spent 90 gold pieces at shops.

Inventory:

Hand Weapons
 a - a -1 falchion of flaming
 l - a +0 mace of protection
 n - a +7 club
 t - a +0 trident
 z - a +0 long sword
 A - a +0 giant spiked club
 D - a +0 bardiche
 H - a +2 dagger of protection
 K - a +0 halberd of freezing
 N - a +0 shortbow
 P - a +0 dire flail
 S - a +4 vorpal spear (weapon)
 U - a +2 vorpal flail
Missiles
 e - 256 stones
 j - 169 sling bullets
 O - 28 arrows
Armour
 b - a +0 robe
 c - a +0 scale mail (worn)
 g - a +0 leather armour
 o - a +0 plate armour
 p - a +2 pair of gloves (worn)
 q - a +0 ring mail
 u - a +0 pair of boots (worn)
 G - a +3 chain mail
 I - a +1 robe of positive energy
 T - a +0 kite shield (worn)
Jewellery
 B - an amulet of magic regeneration (around neck)
Wands
 s - a wand of flame (17) (quivered)
 x - a wand of iceblast (4)
Scrolls
 d - a scroll of acquirement {unknown}
 v - a scroll of fear
 w - a scroll of fog
 y - 3 scrolls of vulnerability {unknown}
 C - a scroll of magic mapping {unknown}
 F - a scroll of enchant armour {unknown}
 M - a scroll of enchant weapon {unknown}
 Q - a scroll of teleportation {unknown}
 R - a scroll of holy word
Potions
 f - 2 potions of haste
 h - 2 potions of curing
 i - 2 potions of brilliance
 m - a potion of mutation {unknown}
 r - 2 potions of might
 E - a potion of ambrosia
 J - a potion of resistance {unknown}
 L - a potion of attraction {unknown}


   Skills:
 + Level 8.4 Fighting
 + Level 5.2 Short Blades
 + Level 8.4 Long Blades
 + Level 5.2 Axes
 + Level 5.2 Maces & Flails
 + Level 5.2 Polearms
 + Level 5.2 Staves
 + Level 5.2 Slings
 + Level 5.2 Bows
 + Level 5.2 Crossbows
 + Level 5.2 Throwing
 + Level 5.2 Armour
 + Level 5.2 Dodging
 + Level 5.2 Stealth
 + Level 5.2 Shields
 + Level 5.2 Unarmed Combat
 + Level 6.0 Spellcasting
 + Level 4.3 Conjurations
 + Level 4.3 Hexes
 + Level 4.3 Summonings
 + Level 4.3 Necromancy
 + Level 4.3 Translocations
 + Level 4.3 Transmutations
 + Level 7.0 Fire Magic
 + Level 4.3 Ice Magic
 + Level 4.3 Air Magic
 + Level 4.3 Earth Magic
 + Level 4.3 Poison Magic
 + Level 5.7 Invocations
 + Level 5.2 Evocations


You had 17 spell levels left.
You knew the following spells:

 Your Spells              Type           Power      Damage    Failure   Level
a - Scorch                Fire           46%        2d7       19%         2
b - Blink                 Tloc           32%        N/A       50%         2

Your spell library contained the following spells:

 Spells                   Type           Power      Damage    Failure   Level
 Foxfire                  Conj/Fire      80%        2x1d8     21%         1
 Conjure Flame            Conj/Fire      20%        6-21      52%         3
 Inner Flame              Hex/Fire       20%        N/A       52%         3
 Frozen Ramparts          Ice            32%        1d5       73%         3
 Lesser Beckoning         Tloc           16%        N/A       73%         3
 Flame Wave               Conj/Fire      20%        2d6       90%         4
 Cause Fear               Hex            8%         N/A       98%         4
 Ice Form                 Ice/Tmut       16%        N/A       98%         4
 Petrify                  Tmut/Erth      16%        N/A       98%         4
 Summon Ice Beast         Ice/Summ       16%        N/A       98%         4
 Manifold Assault         Tloc           16%        N/A       100%        5
 Metabolic Englaciation   Hex/Ice        8%         N/A       100%        5
 Statue Form              Tmut/Erth      10%        N/A       100%        6
 Discord                  Hex            8%         N/A       100%        8


Dungeon Overview and Level Annotations

Branches:
Dungeon (9/15)             Temple (0/1) D:4            Lair (1/6) D:8
Ossuary (visited)
    Orc: D:9-12

Altars:
Cheibriados
Dithmenos
Fedhas
Yredelemnul
Zin

Shops:
D:3 ?   D:5 :


Innate Abilities, Weirdness & Mutations

You have very sharp teeth.
Your uncanny sense of smell can sniff out nearby items.
Your experience applies equally to all skills.


Message History

The orc warrior hits you with a +0 war axe!
* * * LOW HITPOINT WARNING * * *
You hit the orc warrior but do no damage.
The orc warrior is moderately wounded.
You block the orc warrior's attack.
You hit the orc warrior.
You bite the orc warrior, but do no damage.
The orc warrior is heavily wounded.
The orc warrior is no longer more vulnerable to fire.
You block the orc warrior's attack.
You hit the orc warrior.
The orc warrior is severely wounded.
You block the orc warrior's attack.
You barely miss the orc warrior.
You bite the orc warrior, but do no damage.
The orc warrior is severely wounded.
The orc warrior barely misses you.
You completely miss the orc warrior.
The orc warrior is severely wounded.
You block the orc warrior's attack.
You hit the orc warrior but do no damage.
The orc warrior is severely wounded.
You block the orc warrior's attack.
You puncture the orc warrior!
You bite the orc warrior, but do no damage.
The orc warrior is almost dead.
You block the orc warrior's attack.
The orc warrior hits you with a +0 war axe.
* * * LOW HITPOINT WARNING * * *
You barely miss the orc warrior.
You bite the orc warrior, but do no damage.
The orc warrior is almost dead.
You block the orc warrior's attack.
You closely miss the orc warrior.
The orc warrior is almost dead.
You block the orc warrior's attack.
You closely miss the orc warrior.
The orc warrior is almost dead.
The orc warrior hits you with a +0 war axe!
You die...

##.#.#<# #.#.# ^#
.).###.###.#.# ##'####
####.....#.#.# .......
#.#.#.#.#)# .......
#.#...#.#)# .......
#.#####.#)# ###.......
#.......#)# #........o
#########.###)##......
#...o@# o.... #######
.... ... .. .


You could see an orc warrior.

Vanquished Creatures
  A two-headed ogre (D:9)
  A troll (D:9)
  Grinder (D:6)
  2 water moccasins
  2 orc warriors
  2 sky beasts
  4 ice beasts
  A necrophage (D:7)
  3 ogres
  3 phantoms
  2 centaurs
  A gnoll sergeant (D:9)
  A wyvern zombie (D:8)
  4 scorpions
  An electric eel (Lair:1)
  A lava snake (D:7)
  A gnoll shaman (D:8)
  5 hounds
  2 bullfrog skeletons
  5 centaur skeletons
  4 orc priests
  Jessica (D:2)
  2 iguanas (D:5)
  A scorpion zombie (D:5)
  14 orc wizards
  3 mummies
  14 gnolls
  8 adders
  2 ufetubi
  An adder skeleton (D:4)
  An adder zombie (D:5)
  5 worms
  2 dart slugs
  12 orcs
  8 ball pythons
  9 endoplasms
  5 giant cockroaches
  9 hobgoblins
  5 jackals
  5 kobolds
  5 quokkas
  4 bats
  6 frilled lizards
  10 goblins
  5 rats
184 creatures vanquished.

Vanquished Creatures (others)
  12 foxfires (D:6)
  3 fungi (D:8)
  4 plants
  2 withered plants (Ossuary)
21 creatures vanquished.

Grand Total: 205 creatures vanquished

Notes
Turn   | Place    | Note
-------+----------+-------------------------------------------
     0 | D:1      | anonymouscript the Gnoll Cinder Acolyte began the quest for
                  | the Orb.
     0 | D:1      | Reached XP level 1. HP: 23/23 MP: 4/4
   110 | D:1      | Reached XP level 2. HP: 8/29 MP: 5/5
   394 | D:1      | Found a faded altar of an unknown god.
   863 | D:1      | Learned a level 2 spell: Scorch
   930 | D:1      | Reached XP level 3. HP: 35/35 MP: 1/7
  1418 | D:2      | Reached skill level 1 in Invocations
  1600 | D:2      | Reached skill level 1 in Short Blades
  1600 | D:2      | Reached skill level 1 in Axes
  1600 | D:2      | Reached skill level 1 in Maces & Flails
  1600 | D:2      | Reached skill level 1 in Polearms
  1600 | D:2      | Reached skill level 1 in Staves
  1600 | D:2      | Reached skill level 1 in Slings
  1600 | D:2      | Reached skill level 1 in Bows
  1600 | D:2      | Reached skill level 1 in Crossbows
  1600 | D:2      | Reached skill level 1 in Throwing
  1600 | D:2      | Reached skill level 1 in Armour
  1600 | D:2      | Reached skill level 1 in Dodging
  1600 | D:2      | Reached skill level 1 in Stealth
  1600 | D:2      | Reached skill level 1 in Shields
  1600 | D:2      | Reached skill level 1 in Unarmed Combat
  1600 | D:2      | Reached skill level 1 in Evocations
  1663 | D:2      | Reached XP level 4. HP: 38/41 MP: 1/8
  1809 | D:2      | Noticed Jessica
  1813 | D:2      | Killed Jessica
  1814 | D:2      | Reached skill level 1 in Conjurations
  1814 | D:2      | Reached skill level 1 in Hexes
  1814 | D:2      | Reached skill level 1 in Summonings
  1814 | D:2      | Reached skill level 1 in Necromancy
  1814 | D:2      | Reached skill level 1 in Translocations
  1814 | D:2      | Reached skill level 1 in Transmutations
  1814 | D:2      | Reached skill level 1 in Ice Magic
  1814 | D:2      | Reached skill level 1 in Air Magic
  1814 | D:2      | Reached skill level 1 in Earth Magic
  1814 | D:2      | Reached skill level 1 in Poison Magic
  2471 | D:3      | Reached XP level 5. HP: 39/47 MP: 9/9
  2785 | D:3      | Found Daqyla's Magic Scroll Boutique.
  2793 | D:3      | Bought a scroll of identify for 24 gold pieces
  2793 | D:3      | Bought a scroll of fear for 42 gold pieces
  2793 | D:3      | Bought a scroll of identify for 24 gold pieces
  2903 | D:3      | Learned a level 2 spell: Blink
  3309 | D:4      | Reached XP level 6. HP: 53/53 MP: 10/10
  3689 | D:4      | Found a staircase to the Ecumenical Temple.
  3785 | D:4      | Reached XP level 7. HP: 57/60 MP: 3/12
  4295 | D:5      | Entered Level 5 of the Dungeon
  4598 | D:5      | Found Huzxefao's Book Emporium.
  4963 | D:5      | Reached XP level 8. HP: 61/67 MP: 7/14
  5640 | D:6      | Reached XP level 9. HP: 44/72 MP: 11/16
  5833 | D:6      | Reached skill level 5 in Spellcasting
  5873 | D:6      | Found a sand-covered staircase.
  5940 | Ossuary  | Entered an ossuary
  6618 | D:7      | Found a snail-covered altar of Cheibriados.
  6755 | D:7      | HP: 1/74 [orc warrior (11)]
  7177 | D:6      | Noticed Grinder
  7207 | D:6      | Paralysed by Grinder for 4 turns
  7210 | D:6      | Killed Grinder
  7560 | D:6      | Found a glowing silver altar of Zin.
  7684 | D:7      | Reached skill level 5 in Invocations
  8109 | D:7      | Found a shadowy altar of Dithmenos.
  8110 | D:7      | Found a blossoming altar of Fedhas.
  8111 | D:7      | Found a basalt altar of Yredelemnul.
  8493 | D:8      | Found a staircase to the Lair.
  8588 | Lair:1   | Entered Level 1 of the Lair of Beasts
  8837 | Lair:1   | Noticed a rime drake
  8903 | D:8      | Reached XP level 10. HP: 58/80 MP: 7/18
  9039 | D:9      | Noticed a two-headed ogre
  9046 | D:9      | Killed a two-headed ogre
  9047 | D:9      | Reached skill level 5 in Short Blades
  9047 | D:9      | Reached skill level 5 in Axes
  9047 | D:9      | Reached skill level 5 in Maces & Flails
  9047 | D:9      | Reached skill level 5 in Polearms
  9047 | D:9      | Reached skill level 5 in Staves
  9047 | D:9      | Reached skill level 5 in Slings
  9047 | D:9      | Reached skill level 5 in Bows
  9047 | D:9      | Reached skill level 5 in Crossbows
  9047 | D:9      | Reached skill level 5 in Throwing
  9047 | D:9      | Reached skill level 5 in Armour
  9047 | D:9      | Reached skill level 5 in Dodging
  9047 | D:9      | Reached skill level 5 in Stealth
  9047 | D:9      | Reached skill level 5 in Shields
  9047 | D:9      | Reached skill level 5 in Unarmed Combat
  9047 | D:9      | Reached skill level 5 in Evocations
  9494 | D:9      | Slain by an orc warrior

Illustrated notes

Levels and vault maps discovered:
D:1:      dpeg_arrival_short_road, layout_basic, shapermc_ecumenical_altar_gd,
          hex_medium
D:2:      minmay_evil_eye, layout_basic, serial_rivers,
          chequers_serial_rivers_marsh, chequers_serial_rivers_room_b,
          chequers_serial_rivers_micro_d, chequers_serial_rivers_marsh,
          uniq_jessica
D:3:      layout_basic, serial_shops, nicolae_shop_hallway_plus
D:4:      layout_gridville, minmay_temple_entry_crystal_x
D:5:      layout_basic, serial_shops, kennysheep_mini_moat
D:6:      minmay_flawed_box, layout_gridville, lemuel_round_altar,
          nicolae_ossuary_entry_monument, serial_bayou_crossing, uniq_grinder
D:7:      layout_rooms, gammafunk_temple_overflow_claw,
          mainiacjoe_overflow_brackets, grunt_decor_junction
D:8:      layout_loops_cross, dpeg_oklobed_lair, serial_shops,
          nicolae_shop_stone, minmay_bent
D:9:      layout_basic
Lair:1:   layout_chaotic_city, minmay_shattered_shrine, grunt_megastairs_3,
          serial_bayou_shore_b, infiniplex_staircase_pool

Skill      XL: |  1  2  3  4  5  6  7  8  9 10 |
---------------+-------------------------------+-----
Invocations    | 1 2 3 4 5 |  5.7
Short Blades   | 1 2 3 4 5 |  5.2
Axes           | 1 2 3 4 5 |  5.2
Maces & Flails | 1 2 3 4 5 |  5.2
Polearms       | 1 2 3 4 5 |  5.2
Staves         | 1 2 3 4 5 |  5.2
Slings         | 1 2 3 4 5 |  5.2
Bows           | 1 2 3 4 5 |  5.2
Crossbows      | 1 2 3 4 5 |  5.2
Throwing       | 1 2 3 4 5 |  5.2
Armour         | 1 2 3 4 5 |  5.2
Dodging        | 1 2 3 4 5 |  5.2
Stealth        | 1 2 3 4 5 |  5.2
Shields        | 1 2 3 4 5 |  5.2
Unarmed Combat | 1 2 3 4 5 |  5.2
Evocations     | 1 2 3 4 5 |  5.2
Spellcasting   | 3 4 5 6 |  6.0
Conjurations   | 1 2 3 4 |  4.3
Hexes          | 1 2 3 4 |  4.3
Summonings     | 1 2 3 4 |  4.3
Necromancy     | 1 2 3 4 |  4.3
Translocations | 1 2 3 4 |  4.3
Transmutations | 1 2 3 4 |  4.3
Ice Magic      | 1 2 3 4 |  4.3
Air Magic      | 1 2 3 4 |  4.3
Earth Magic    | 1 2 3 4 |  4.3
Poison Magic   | 1 2 3 4 |  4.3
Fighting       | 7 8 |  8.4
Long Blades    | 7 8 |  8.4
Fire Magic     | 6 7 |  7.0

Action                   |  1- 3 |  4- 6 |  7- 9 | 10-12 || total
-------------------------+-------+-------+-------+-------++-------
Melee: Falchion          |    99 |     3 |   127 |     6 ||   235
       Bite              |     5 |     5 |    14 |    10 ||    34
       Club              |       |   118 |    97 |       ||   215
       Punch             |       |       |     2 |     1 ||     3
       Spear             |       |       |       |    40 ||    40
Throw: Stone             |       |     3 |    13 |       ||    16
 Cast: Scorch            |    12 |     9 |   109 |    26 ||   156
Invok: Fiery Armour      |     2 |     1 |     3 |       ||     6
       Foxfire Swarm     |       |       |     1 |       ||     1
       Rising Flame      |       |       |     1 |       ||     1
Evoke: Wand              |       |       |    19 |     9 ||    28
  Use: Scroll            |     2 |     3 |     3 |       ||     8
       Potion            |       |       |     9 |     2 ||    11
Armor: Robe              |    22 |     1 |       |       ||    23
       Ring mail         |       |    61 |    50 |       ||   111
       Chain mail        |       |       |    97 |       ||    97
       Scale mail        |       |       |    39 |    12 ||    51
Dodge: Dodged            |    41 |    52 |   142 |    12 ||   247
Block: Kite shield       |       |       |       |    15 ||    15

Table legend: (Time is in decaauts)
 A = Elapsed time spent in this place.
 B = Non-inter-level travel time spent in this place.
 C = Inter-level travel time spent in this place.
 D = Time resting spent in this place.
 E = Time spent auto-exploring this place.
 F = Levels seen in this place.
 G = Mean time per level.
                   A        B        C        D        E       F      G
               +--------+--------+--------+--------+--------+-----+--------+
         Total |   9513 |   9347 |    166 |   1641 |   5066 |  11 |  864.8 |
       Dungeon |   9219 |   9053 |    166 |   1461 |   5052 |   9 | 1024.3 |
          Lair |    266 |    266 |      0 |    180 |     14 |   1 |  266.0 |
       Ossuary |     27 |     27 |      0 |      0 |      0 |   1 |   27.0 |
               +--------+--------+--------+--------+--------+-----+--------+

Top non-repeatable levels by time:
     D:6: 1976 daAuts
     D:1: 1222 daAuts
     D:4: 1122 daAuts
     D:5: 1121 daAuts
     D:2: 1087 daAuts
     D:7: 931 daAuts
     D:3: 895 daAuts
     D:9: 575 daAuts
     D:8: 287 daAuts
  Lair:1: 266 daAuts
 Ossuary: 27 daAuts
